Unix NetHack Version 5.0.0-0 post-release - last build Jun 10 2026 00:39:30 (3ee93aec679c4c4259841fe613dc97188e26a321,branch:main).

Game began 2026-06-20 14:27:57, ended 2026-06-20 16:53:29.

IanCurtis, chaotic male elven Wizard

                           ..-
                          ... ..|  |..
                          ..>...| --@.......--  ..--..--
                          -.....---..........---.......----
                           --.?..|...................[....---
                            |..|...|....--...---.)..........|
                            ---|..---...|----- --..------...|
                               |..|  ---        |..|     ---
                               ---              ---
IanCurtis the Thaumaturge  St:7 Dx:14 Co:16 In:17 Wi:12 Ch:12  Chaotic
Dlvl:7  $:0  HP:0(53) Pw:43(88) AC:9  Xp:7 T:5620  Blind

Latest messages:
 The dust vortex turns to flee.
 The ice vortex turns to flee.
 The ice vortex turns to flee.
 You hear some noises.
 The dust vortex turns to flee.
 You hear some noises in the distance.
 The dust vortex turns to flee.
 The owlbear turns to flee.
 You hear some noises.
 You hear some noises in the distance.
 The yeti turns to flee.
 The housecat turns to flee.
 The yeti turns to flee.
 The owlbear turns to flee.
 You hear some noises.
 The dust vortex turns to flee.
 The leprechaun turns to flee.
 The yeti turns to flee.
 The housecat misses it.
 The dust vortex engulfs you!
 You can't see in here!
 You hit the dust vortex.
 You hit the dust vortex.
 You get expelled!
 Wait!  There's something there you can't see!
 It hits!
 It hits again!
 It bites!
 It hits!
 It hits again!
 It bites!
 You attack thin air.
 It hits!
 It hits again!
 It bites!
 You miss it.
 It hits!
 Your purse feels lighter.
 It hits!
 It hits again!
 It bites!
 It hits!
 It hits again!
 It bites!
 You feel an unseen monster!
 It hits!
 It hits again!
 It bites!
 You die...
 Do you want your possessions identified? [ynq] (y) q

Inventory:
 Weapons  (')')
  F - 5 poisoned +0 crossbow bolts
  a - a blessed +1 quarterstaff (weapon in hands)
 Armor    ('[')
  b - an uncursed +0 cloak of magic resistance (being worn)
 Comestibles  ('%')
  C - a cursed tripe ration
 Scrolls  ('?')
  k - an uncursed scroll of confuse monster
  p - an uncursed scroll of enchant armor
  i - an uncursed scroll of identify
  t - an uncursed scroll of remove curse
 Spellbooks  ('+')
  m - an uncursed spellbook of cause fear
  l - a blessed spellbook of force bolt
 Potions  ('!')
  f - an uncursed potion of full healing
  h - an uncursed potion of healing
  q - an uncursed potion of speed
  g - a potion of holy water
 Rings    ('=')
  e - an uncursed ring of free action
  y - a cursed -1 ring of increase accuracy
  I - an uncursed ring of sustain ability
 Wands    ('/')
  c - a wand of light (0:13)
  E - a wand of striking (0:1)
 Tools    ('(')
  o - an uncursed leather drum
  n - a magic marker (0:21)
  u - an uncursed magic whistle
  d - a rusty +0 pick-axe
  G - an uncursed tallow candle

IanCurtis the Wizard's attributes:

Background:
 You were a Thaumaturge, a level 7 male elven Wizard.
 You were chaotic, on a mission for Anhur
 who was opposed by Ptah (lawful) and Thoth (neutral).
 You were right-handed.
 You were in the Gnomish Mines, on level 7.
 You entered the dungeon 5620 turns ago.
 You had 1113 experience points, 167 more were needed to attain level 8.

Basics:
 You had 0 out of 53 hit points.
 You had 43 out of 88 energy points (spell power).
 Your armor class was 9.
 Your wallet was empty.
 Autopickup was off.

Final Characteristics:
 Your strength was 7 (peak:11, limit:18).
 Your dexterity was 14 (limit:18).
 Your constitution was 16 (limit:16).
 Your intelligence was 17 (limit:20).
 Your wisdom was 12 (limit:20).
 Your charisma was 12 (limit:18).

Final Status:
 You were temporarily blind.
 You weren't hungry.
 You were unencumbered.
 You were wielding a quarterstaff.
 You had basic skill with quarterstaff and could have enhanced that.

Final Attributes:
 You were piously aligned.
 You were magic-protected.
 You were sleep resistant.
 You had infravision.
 You were warded.
 You are dead.

Miscellaneous:
 You encountered 1 bones level.
 Total elapsed playing time was 28 minutes and 55 seconds.

Major events:
 Turn
    1: IanCurtis the chaotic male elven Wizard entered the dungeon
  564: entered the Gnomish Mines
  601: attained the rank of Conjurer (level 3)
 1549: attained the rank of Thaumaturge (level 6)
 1621: reached Mine Town
 5620: killed by a yeti

Spells:
 Name                 Level Category     Fail Retention
 force bolt             1   attack         0%   71%-75%
 cause fear             3   enchantment    0%   71%-80%

Skills:
 Fighting Skills
   bare handed combat [Unskilled]
   riding             [Unskilled]
 Weapon Skills
   dagger             [Unskilled]
   knife              [Unskilled]
   axe                [Unskilled]
   short sword        [Unskilled]
   club               [Unskilled]
   mace               [Unskilled]
   quarterstaff       [Basic]
   polearms           [Unskilled]
   spear              [Unskilled]
   trident            [Unskilled]
   sling              [Unskilled]
   dart               [Unskilled]
   shuriken           [Unskilled]
 Spellcasting Skills
   attack spells      [Skilled]
   healing spells     [Unskilled]
   divination spells  [Unskilled]
   enchantment spells [Basic]
   clerical spells    [Unskilled]
   escape spells      [Unskilled]
   matter spells      [Unskilled]

Voluntary challenges:
 Character rerolling was not enabled.
 You never genocided any monsters.
 You never polymorphed an object.
 You never changed form.
 You used no wishes.
Achievements:
 You entered a shop.
 You entered the Gnomish Mines.
 You attained the rank of Conjurer.
 You attained the rank of Thaumaturge.
 You entered Minetown.
 You entered a temple.

 The Dungeons of Doom: levels 1 to 2
    Level 1:
       A fountain.
    Level 2: "vault"
       A scroll shop.
       Stairs down to The Gnomish Mines.
 The Gnomish Mines: levels 3 to 8
    Level 3:
    Level 4:
    Level 5:
    Level 6:
       A temple and an altar to Anhur, some fountains.
    Level 7: <- You were here.
       Final resting place for
          you, killed by a yeti,
          trppr-Hea-Hum-Fem-Neu, killed by a barbed devil.
    Level 8:


Vanquished creatures:
  a giant beetle
  7 wolves
  a gnome ruler
  a lizard
  a dust vortex
  a raven
  a gnome mummy
  a snake
  2 apes
  a water nymph
 an orc shaman
  2 ponies
  2 yellow lights
  a shrieker
  7 gnome leaders
  3 gnomish wizards
  a straw golem
  6 giant ants
  a kitten
  6 dwarves
  3 hill orcs
  4 rothes
  a rabid rat
  2 giant bats
  a monkey
  5 dwarf zombies
  4 killer bees
  2 coyotes
  a hobbit
  2 manes
  2 giant rats
 24 gnomes
  a gnome zombie
  2 geckos
  2 jackals
  a fox
  a goblin
  7 grid bugs
  a newt
113 creatures vanquished.

No species were genocided or became extinct.

Game over:
                       ----------
                      /          \
                     /    REST    \
                    /      IN      \
                   /     PEACE      \
                  /                  \
                  |    IanCurtis     |
                  |       0 Au       |
                  | killed by a yeti |
                  |                  |
                  |                  |
                  |                  |
                  |       2026       |
                 *|     *  *  *      | *
        _________)/\\_//(\/(/\)/\//\/|_)_______

Goodbye IanCurtis the Wizard...

You died in The Gnomish Mines on dungeon level 7 with 4802 points,
and 0 pieces of gold, after 5620 moves.
You were level 7 with a maximum of 53 hit points when you died.

